 Dungeon Crawl Stone Soup version 0.18.1-8-gdd0e5ea (webtiles) character file.

24767 Scarto the Fighter (level 12, -1/97 HPs)
             Began as a Demonspawn Fighter on June 6, 2016.
             Was a Believer of Yredelemnul.
             Slain by a wolf (6 damage)
             ... led by Grum
             ... on level 11 of the Dungeon.
             The game lasted 00:28:41 (10749 turns).

Scarto the Fighter (Demonspawn Fighter)            Turns: 10749, Time: 00:28:42

Health: -1/97      AC: 29    Str: 20    XL:     12   Next: 83%
Magic:  19/19      EV:  5    Int:  9    God:    Yredelemnul [**....]
Gold:   644        SH: 14    Dex: 15    Spells: 0 memorised, 11 levels left

rFire  + + .     SeeInvis +     g - +4 falchion of Plague {flame, rF+}
rCold  + . .     Gourm    .     j - +2 plate armour
rNeg   . . .     Faith    .     o - +2 shield
rPois  .         Spirit   .     (helmet restricted)
rElec  .         Dismiss  .     (no cloak)
rCorr  .         Reflect  .     (no gloves)
SustAt .         Harm     .     (no boots)
MR     .....                    (no amulet)
Stlth  ..........               w - ring of see invisible
                                e - ring of protection from fire

@: not resistant to hostile enchantments, extremely unstealthy
A: antennae 1, yellow scales 2, cold resistance 1, icemail, powered by pain 1,
freezing cloud immunity
a: Animate Remains, Recall Undead Slaves, Injury Mirror, Renounce Religion


You were on level 11 of the Dungeon.
You worshipped Yredelemnul.
Yredelemnul was pleased with you.
You were not hungry.

You visited 1 branch of the dungeon, and saw 11 of its levels.
You also visited: Sewer.

You collected 644 gold pieces.

Inventory:

Hand Weapons
 a - a +2 war axe
 g - the +4 falchion of Plague (weapon) {flame, rF+}
   (You found it on level 7 of the Dungeon)

   It has been specially enchanted to burn those struck by it, causing extra
   injury to most foes and up to half again as much damage against particularly
   susceptible opponents.
   Big, fiery blades are also staple armaments of hydra-hunters.
   It protects you from fire.
Armour
 j - a +2 plate armour (worn)
 o - a +2 shield (worn)
Jewellery
 e - a ring of protection from fire (left hand)
 s - an uncursed ring of protection from fire
 w - a ring of see invisible (right hand)
Scrolls
 i - 2 scrolls of identify
 m - 2 scrolls of magic mapping
 q - a scroll of recharging
 t - 2 scrolls of remove curse
Potions
 b - 2 potions of haste
 d - 2 potions of resistance
 h - 3 potions of flight
 l - 2 potions of might
 u - a potion of cancellation
Comestibles
 k - a beef jerky
 n - 5 meat rations
 A - 4 fruits


   Skills:
 + Level 10.2 Fighting
 + Level 4.8 Long Blades
 + Level 8.8 Axes
 + Level 9.7 Armour
 + Level 9.6 Shields
 + Level 10.0 Invocations


You had 11 spell levels left.
You didn't know any spells.

Dungeon Overview and Level Annotations

Branches:
Dungeon (11/15)            Temple (0/1) D:7            Lair (0/8) D:10
    Orc (0/2) D:11

Altars:
Kikubaaqudgha
Yredelemnul

Shops:
D:10 (

Annotations:
D:11 Grum


Innate Abilities, Weirdness & Mutations

You have a pair of small antennae on your head.
You are mostly covered in yellow scales (AC +3).
Your flesh is cold resistant.
A meltable icy envelope protects you from harm (AC +10).
You sometimes gain a little power by taking damage.
You are immune to freezing clouds.


Message History

The unseen horror hits you.
* * * LOW HITPOINT WARNING * * *
You block the unseen horror's attack. The unseen horror hits you.
* * * LOW HITPOINT WARNING * * *
The unseen horror hits you but does no damage.
You block the unseen horror's attack.
The unseen horror hits you but does no damage.
Your shield and plate armour prevent you from hitting the unseen horror.
The unseen horror is lightly wounded.
The unseen horror hits you.
* * * LOW HITPOINT WARNING * * *
The unseen horror hits you.
* * * LOW HITPOINT WARNING * * *
You block the wolf's attack. The wolf bites you but does no damage.
You block the unseen horror's attack.
You block the unseen horror's attack. x2; The wolf bites you.
* * * LOW HITPOINT WARNING * * *
The unseen horror barely misses you. The wolf bites you.
You die...
Your body rises from the dead as a mindless zombie.

#.............# .#
#.............# .#
#....##########..###
#.#..#..'h..........
#....# #)# # #....#
####.#####.. #....#
#..h)#...... #....#{
#...g#.##..# #..@.#
#####.'......
#..xh###...###......
#...h.g.............
#.##..#.....#..##...
#...................
####################


You could see Grum, an unseen horror (invisible) and 2 wolves.

Vanquished Creatures
  Fannar (D:11)
  Pikel (D:4)
  2 hill giants
  A gargoyle (D:10)
  The ghost of mrath the Cudgeler, an amateur OgBe of Trog (D:4)
  The ghost of Uberwunderbarhen the Skirmisher, an amateur MiBe of Trog (Sewer)
  A troll (D:11)
  Grinder (D:3)
  3 two-headed ogres
  4 slime creatures
  Sigmund (D:4)
  4 yaks (D:10)
  A steam dragon (D:8)
  2 hungry ghosts
  2 ice beasts (D:9)
  4 orc warriors
  Purgy (Sewer)
  2 necrophages
  A phantom (D:6)
  A sky beast (D:9)
  11 ogres
  A wolf (D:11)
  6 centaurs
  5 big kobolds
  6 giant frogs
  4 gnoll sergeants
  2 jellies
  A wyvern zombie (D:9)
  A scorpion (D:6)
  12 killer bees (D:9)
  12 wights
  5 crimson imps
  2 centaur zombies
  2 orc priests (D:7)
  A giant frog zombie (D:7)
  2 hounds
  A centaur skeleton (D:4)
  A giant frog skeleton (D:4)
  An iguana (D:9)
  Terence (D:3)
  4 orc wizards
  6 worker ants
  A killer bee zombie (D:7)
  3 hound zombies
  A hound skeleton (D:4)
  A mummy (D:7)
  2 worker ant zombies
  7 gnolls
  A howler monkey skeleton (D:4)
  7 adders
  2 shadow imps
  2 oozes
  2 adder skeletons
  2 worms
  3 dart slugs
  2 giant geckos
  22 orcs
  9 bats
  9 giant cockroaches
  8 goblins
  14 hobgoblins
  4 jackals
  11 kobolds
  7 quokkas
  A ball python (D:1)
  A giant gecko skeleton (D:4)
  A giant gecko zombie (D:7)
  5 giant newts
  A jackal zombie (D:7)
  A quokka skeleton (D:4)
  4 rats
256 creatures vanquished.

Vanquished Creatures (collateral kills)
  A hill giant (D:10)
  A troll (D:9)
  A two-headed ogre (D:9)
  A yak (D:10)
  A phantom (D:9)
  An ogre (D:9)
  2 giant frogs (D:9)
  A centaur zombie (D:9)
  A giant frog skeleton (D:9)
  A worker ant (D:9)
  A hound skeleton (D:9)
  2 orcs (D:9)
  A jackal (D:9)
15 creatures vanquished.

Vanquished Creatures (others)
  A yak zombie (D:10)
  A centaur zombie (D:9)
  3 giant frog zombies
  A two-headed ogre zombie (D:9)
  A killer bee zombie (D:9)
  An ogre zombie (D:11)
  2 worker ant zombies
  2 gnoll zombies (D:11)
  An orc skeleton (D:9)
  2 orc zombies (D:9)
15 creatures vanquished.

Grand Total: 286 creatures vanquished

Notes
Turn   | Place    | Note
--------------------------------------------------------------
     0 | D:1      | Scarto the Demonspawn Fighter began the quest for the Orb.
     0 | D:1      | Reached XP level 1. HP: 18/18 MP: 1/1
   119 | D:1      | Gained mutation: You are partially covered in yellow scales (AC +2). [demonic ancestry]
   119 | D:1      | Reached XP level 2. HP: 21/24 MP: 2/2
   670 | D:1      | Reached XP level 3. HP: 29/29 MP: 3/3
  1327 | D:2      | Gained mutation: Your flesh is cold resistant. [demonic ancestry]
  1327 | D:2      | Reached XP level 4. HP: 32/37 MP: 4/4
  1854 | D:3      | Noticed Terence
  1866 | D:3      | Killed Terence
  2086 | D:3      | Noticed Grinder
  2096 | D:3      | Paralysed by Grinder for 7 turns
  2114 | D:3      | Killed Grinder
  2114 | D:3      | Reached XP level 5. HP: 26/43 MP: 5/5
  2114 | D:3      | Gained mutation: You are mostly covered in yellow scales (AC +3). [demonic ancestry]
  2114 | D:3      | Reached XP level 6. HP: 29/49 MP: 6/6
  2814 | D:4      | Noticed mrath's ghost (amateur OgBe)
  2830 | D:4      | Killed mrath's ghost
  2830 | D:4      | Reached skill level 5 in Fighting
  2830 | D:4      | Gained mutation: You have a pair of small antennae on your head. [demonic ancestry]
  2830 | D:4      | Reached XP level 7. HP: 7/56 MP: 7/7
  3116 | D:4      | Noticed Sigmund
  3127 | D:4      | Killed Sigmund
  3862 | D:4      | Noticed Pikel
  3897 | D:4      | Killed Pikel
  3897 | D:4      | Reached skill level 5 in Axes
  3897 | D:4      | Reached skill level 5 in Armour
  3897 | D:4      | Reached skill level 5 in Shields
  3897 | D:4      | Gained mutation: You are immune to freezing clouds. [demonic ancestry]
  3897 | D:4      | Reached XP level 8. HP: 49/64 MP: 8/8
  3965 | D:5      | Entered Level 5 of the Dungeon
  4574 | D:5      | Found a basalt altar of Yredelemnul.
  4625 | D:5      | Became a worshipper of Yredelemnul the Dark
  4920 | D:6      | Found a glowing drain.
  4942 | Sewer    | Entered a sewer
  4942 | Sewer    | Noticed Uberwunderbarhen's ghost (amateur MiBe)
  4968 | Sewer    | Killed Uberwunderbarhen's ghost
  4984 | Sewer    | Noticed Purgy
  5003 | Sewer    | Killed Purgy
  5143 | D:6      | Gained mutation: A meltable icy envelope protects you from harm (AC +10). [demonic ancestry]
  5143 | D:6      | Reached XP level 9. HP: 62/71 MP: 9/9
  5156 | D:6      | Reached skill level 1 in Invocations
  5615 | D:7      | Got an encrusted falchion
  5616 | D:7      | Identified the +4 falchion of Plague {flame, rF+} (You found it on level 7 of the Dungeon)
  5669 | D:7      | Got a translucent morningstar
  5699 | D:7      | Reached * piety under Yredelemnul
  5824 | D:7      | Reached skill level 1 in Long Blades
  5981 | D:7      | Found an ancient bone altar of Kikubaaqudgha.
  5984 | D:7      | Found a staircase to the Ecumenical Temple.
  6204 | D:8      | Reached XP level 10. HP: 34/80 MP: 13/13
  6595 | D:8      | Reached XP level 11. HP: 84/89 MP: 13/15
  6732 | D:8      | Found an ancient bone altar of Kikubaaqudgha.
  6995 | D:8      | Gained mutation: You sometimes gain a little power by taking damage. [demonic ancestry]
  6995 | D:8      | Reached XP level 12. HP: 96/96 MP: 15/18
  7635 | D:9      | Reached ** piety under Yredelemnul
  8060 | D:10     | Entered Level 10 of the Dungeon
  8194 | D:10     | Found a staircase to the Lair.
  8690 | D:10     | Found Yhusuf's Antique Weapon Shop.
  9473 | D:10     | Reached skill level 10 in Fighting
 10088 | D:11     | Found a staircase to the Orcish Mines.
 10687 | D:11     | Noticed Fannar
 10693 | D:11     | Noticed Grum
 10723 | D:11     | Killed Fannar
 10723 | D:11     | Reached skill level 10 in Invocations
 10748 | D:11     | HP: 4/97 [wolf[Grum] (3)]
 10749 | D:11     | Slain by a wolf

Skill      XL: |  1  2  3  4  5  6  7  8  9 10 11 12 |
---------------+-------------------------------------+-----
Axes           | 2 3 5 6 7 8 |  8.8
Shields        | 3 4 5 6 8 9 |  9.6
Armour         | 3 4 5 6 8 9 |  9.7
Fighting       | 4 5 6 7 9 10 | 10.2
Invocations    | 4 6 8 10 | 10.0
Long Blades    | 2 3 4 |  4.8

Action                   |  1- 3 |  4- 6 |  7- 9 | 10-12 || total
-------------------------+-------+-------+-------+-------++-------
Melee: War axe           |   144 |   133 |   287 |       ||   564
       Falchion          |       |       |   155 |   590 ||   745
Invok: Animate Remains   |       |       |     1 |    23 ||    24
       Injury Mirror     |       |       |       |     1 ||     1
       Recall Undead Sla |       |       |       |     1 ||     1
  Use: Scroll            |     5 |       |     7 |    12 ||    24
       Potion            |     1 |     8 |     3 |     7 ||    19
 Stab: Distracted        |       |       |       |     4 ||     4
  Eat: Bread ration      |     1 |     1 |     3 |     3 ||     8
       Chunk             |       |       |     1 |     2 ||     3
       Beef jerky        |       |       |       |    12 ||    12
Armor: Scale mail        |     7 |       |       |       ||     7
       Plate armour      |   125 |   107 |   361 |   519 ||  1112
Dodge: Dodged            |    15 |    12 |   100 |   146 ||   273
Block: Shield            |    79 |    73 |   280 |   482 ||   914
